 Dungeon Crawl Stone Soup version 0.28-a0-479-g5baa6b73be (webtiles) character file.

Game seed: 12135273799612297689

613 heikuro the Chopper (level 7, 0/61 HPs)
             Began as a Minotaur Berserker on Sept 18, 2021.
             Was a Priest of Trog.
             Succumbed to a scorpion's poison
             ... on level 5 of the Dungeon.
             The game lasted 00:06:19 (4293 turns).

heikuro the Chopper (Minotaur Berserker)            Turns: 4293, Time: 00:06:19

Health: 0/61       AC: 12    Str: 24    XL:     7   Next: 20%
Magic:  6/6        EV:  7    Int:  4    God:    Trog [***...]
Gold:   172        SH:  6    Dex:  9    Spells: 6/6 levels left

rFire   . . .      SeeInvis .   a - +0 hand axe
rCold   . . .      Faith    .   b - +2 buckler
rNeg    . . .      Spirit   .   o - +0 plate armour
rPois   .          Reflect  .   (helmet restricted)
rElec   .          Harm     .   (no cloak)
rCorr   .          Rampage  .   (no gloves)
Will    .....                   (no boots)
Stlth   ..........              (no amulet)
HPRegen 0.20/turn               (no ring)
MPRegen 0.10/turn               (no ring)

@: mighty, lethally poisoned (0 -> -12), on berserk cooldown, slowed, very slow
A: horns 2, retaliatory headbutt
a: Renounce Religion, Berserk, Trog's Hand


You were on level 5 of the Dungeon.
You worshipped Trog.
Trog was most pleased with you.
You visited 1 branch of the dungeon, and saw 5 of its levels.

You collected 172 gold pieces.

Inventory:

Hand Weapons
 a - a +0 hand axe (weapon)
 y - a +2 hand crossbow of flaming
Missiles
 f - 3 silver javelins
 m - 12 poisoned darts (quivered)
 n - a throwing net
 q - 3 curare-tipped darts
Armour
 b - a +2 buckler (worn)
 o - a +0 plate armour (worn)
Wands
 v - a wand of paralysis (7)
Scrolls
 c - 2 scrolls of enchant armour {unknown}
 d - a scroll of noise {unknown}
 g - 2 scrolls of teleportation {unknown}
 k - 4 scrolls of identify {unknown}
 l - 2 scrolls of fog {unknown}
 r - 2 scrolls of blinking {unknown}
 s - a scroll of enchant weapon {unknown}
 u - a scroll of fear {unknown}
Potions
 e - a potion of cancellation {unknown}
 h - a potion of brilliance {unknown}
 i - 2 potions of might
 j - 2 potions of heal wounds {unknown}
 p - a potion of berserk rage {unknown}
 t - a potion of attraction {unknown}
 w - a potion of degeneration {unknown}
 x - a potion of haste {unknown}


   Skills:
 + Level 5.1 Fighting
 * Level 6.5 Axes
 + Level 4.4 Armour
 + Level 4.1 Dodging
 * Level 3.3 Shields


You had 6 spell levels left.
You didn't know any spells.
Your spell library was empty.

Dungeon Overview and Level Annotations

Branches:
Dungeon (5/15)
 Temple: D:4-7

Altars:
Cheibriados
Hepliaklqana
Xom

Shops:
D:1 [


Innate Abilities, Weirdness & Mutations

You have a pair of horns on your head.
You reflexively headbutt those who attack you in melee.


Message History

The scorpion stings you.
You hear some strange, mumbled words.
Something tries to affect you, but you resist.
The scorpion stings you but does no damage.
Something hits you but does no damage.
You bump into the rock wall.
The scorpion barely misses you. Something hits you but does no damage.
The scorpion stings you but does no damage.
Something hits you but does no damage.
You feel less confused. The scorpion stings you. The scorpion stings you.
The scorpion barely misses you. You furiously retaliate!
You headbutt the scorpion! The scorpion barely misses you.
The scorpion stings you.
You hear some strange, mumbled words.
Something tries to affect you, but you resist.
The scorpion barely misses you. You furiously retaliate!
You headbutt the scorpion!
An orc wizard appears from thin air!
Reactivating autopickup.
The scorpion stings you.
You are poisoned.
The scorpion poisons you!
You feel very sick. The scorpion stings you.
You are more poisoned.
The scorpion poisons you!
You feel very sick. The scorpion barely misses you.
You feel very sick.
You feel sick. The scorpion stings you!
* * * LOW HITPOINT WARNING * * *
You are more poisoned.
The scorpion poisons you!
There is a stone staircase leading up, spattered with blood here.
It was a potion of might.
You feel very mighty all of a sudden.
You die...

####..............
####..##.#.#.##..
.............# .#
...........#.##.#
#.#.####........##
#.#.####.........#.#
....................
#>###....#.#.#######
..# #....'....os@..#
..# ##...#.#.#######
#.# ##'##.#.# ..#
#.##.#.### ###
#.##.....# #
#.####.#.# # #.#
#.#.# #.# #.#.###
####.####.....#


You could see a scorpion and an orc wizard.

Vanquished Creatures
  An ice beast (D:5)
  2 ogres
  A jelly (D:4)
  A hound (D:4)
  An iron imp (D:4)
  An iguana (D:4)
  4 gnolls
  9 adders
  A worm (D:2)
  5 dart slugs
  10 orcs
  4 endoplasms
  3 giant cockroaches
  10 goblins
  8 hobgoblins
  8 jackals
  3 kobolds
  4 quokkas
  9 ball pythons
  9 bats
  A frilled lizard (D:3)
  7 rats
102 creatures vanquished.

Notes
Turn   | Place    | Note
-------+----------+-------------------------------------------
     0 | D:1      | heikuro the Minotaur Berserker began the quest for the Orb.
     0 | D:1      | Reached XP level 1. HP: 19/19 MP: 0/0
   112 | D:1      | Reached XP level 2. HP: 27/27 MP: 1/1
   129 | D:1      | Reached skill level 4 in Axes
   582 | D:1      | Reached XP level 3. HP: 31/33 MP: 2/2
   588 | D:1      | Found a faded altar of an unknown god.
   676 | D:1      | Found Warra's Armour Shop.
   875 | D:2      | Reached ** piety under Trog
  1220 | D:2      | Reached XP level 4. HP: 40/40 MP: 3/3
  1931 | D:3      | Reached *** piety under Trog
  1982 | D:3      | Reached skill level 5 in Axes
  1985 | D:3      | Reached skill level 1 in Shields
  2047 | D:3      | Reached XP level 5. HP: 47/47 MP: 4/4
  2358 | D:3      | Found a hazy altar of Hepliaklqana.
  2359 | D:3      | Found a shimmering altar of Xom.
  2360 | D:3      | Noticed a spectral ugly thing
  2821 | D:4      | Noticed an ogre
  2832 | D:4      | Killed an ogre
  2833 | D:4      | Reached XP level 6. HP: 53/53 MP: 5/5
  3348 | D:4      | Reached skill level 6 in Axes
  3719 | D:4      | Found a snail-covered altar of Cheibriados.
  3836 | D:5      | Entered Level 5 of the Dungeon
  4166 | D:5      | Noticed an ice beast
  4182 | D:5      | Killed an ice beast
  4183 | D:5      | Reached skill level 5 in Fighting
  4264 | D:5      | Reached XP level 7. HP: 61/61 MP: 6/6
  4293 | D:5      | Succumbed to a scorpion's poison

Illustrated notes

Levels and vault maps discovered:
D:1:      ncdulo_wetmaze, layout_basic, serial_shops, shop,
          hellmonk_ecumenical_altar_dog_temple
D:2:      kennysheep_six_static_rooms, layout_basic
D:3:      layout_rooms, regret_index_temple_of_mockery, minmay_quadrilaterals
D:4:      layout_basic, chei_slow_surprise, dk_noncrumbling_2, minmay_pentangle
D:5:      layout_basic

Skill      XL: |  1  2  3  4  5  6 |
---------------+-------------------+-----
Axes           | 4 5 6 |  6.5
Fighting       | 4 5 |  5.1
Armour         | 3 4 |  4.4
Dodging        | 3 4 |  4.1
Shields        | 1 2 3 |  3.3

Action                   |  1- 3 |  4- 6 |  7- 9 || total
-------------------------+-------+-------+-------++-------
Melee: Hand axe          |    86 |   131 |    11 ||   228
       Headbutt          |    12 |    17 |     2 ||    31
Invok: Berserk           |     4 |     6 |       ||    10
  Use: Potion            |       |       |     1 ||     1
Armor: Animal skin       |    11 |       |       ||    11
       Plate armour      |    14 |    65 |    14 ||    93
Dodge: Dodged            |    51 |    35 |     5 ||    91
Block: Buckler           |     9 |    33 |     3 ||    45

Table legend: (Time is in decaauts)
 A = Elapsed time spent in this place.
 B = Non-inter-level travel time spent in this place.
 C = Inter-level travel time spent in this place.
 D = Time resting spent in this place.
 E = Time spent auto-exploring this place.
 F = Levels seen in this place.
 G = Mean time per level.
                   A        B        C        D        E       F      G
               +--------+--------+--------+--------+--------+-----+--------+
         Total |   4422 |   4083 |    339 |    934 |   2311 |   5 |  884.4 |
       Dungeon |   4422 |   4083 |    339 |    934 |   2311 |   5 |  884.4 |
               +--------+--------+--------+--------+--------+-----+--------+

Top non-repeatable levels by time:
     D:4: 1632 daAuts
     D:1: 866 daAuts
     D:2: 866 daAuts
     D:3: 844 daAuts
     D:5: 211 daAuts
